 Dungeon Crawl Stone Soup version 0.30-a0-137-gd8773701ce (webtiles) character file.

Game seed: 10302581043438310759

13808 blackman the Severer (level 11, -6/104 HPs)
             Began as a Minotaur Fighter on Sept 22, 2022.
             Was an Elder of the Shining One.
             Mangled by an orc knight
             ... wielding a +1 dire flail of distortion
              (16 damage)
             ... on level 12 of the Dungeon.
             The game lasted 00:12:30 (12546 turns).

blackman the Severer (Minotaur Fighter)            Turns: 12546, Time: 00:12:31

Health: -6/104     AC: 28    Str: 26    XL:     11   Next: 80%
Magic:  10/11      EV: 11    Int:  5    God:    the Shining One [****..]
Gold:   762        SH:  4    Dex:  9    Spells: 10/10 levels left

rFire   . . .      SeeInvis .    a - +0 war axe
rCold   + . .      Faith    .    c - +0 buckler
rNeg    + + .      Spirit   .    L - +0 plate armour {rC+}
rPois   .          Reflect  .    (helmet restricted)
rElec   .          Harm     .    K - +2 cloak
rCorr   .          Rampage  .    k - +2 pair of gloves
Will    .....                    I - +1 pair of boots
Stlth   ..........               (no amulet)
HPRegen 0.27/turn                l - +4 ring of evasion
MPRegen 0.12/turn                p - +4 ring of protection

@: silenced, glowing
A: horns 2, retaliatory headbutt
a: Renounce Religion


You were on level 12 of the Dungeon.
You worshipped the Shining One.
The Shining One was greatly pleased with you.
You visited 2 branches of the dungeon, and saw 13 of its levels.

You collected 762 gold pieces.

Inventory:

Hand Weapons
 a - a +0 war axe (weapon)
 b - a +0 glaive
   (You found it on level 3 of the Dungeon)
 N - the +8 trident of the Octopus King {venom, rElec rPois}
   (You found it on level 10 of the Dungeon)

   It poisons the flesh of those it strikes.
   rElec:     It insulates you from electricity.
   rPois:     It protects you from poison.
Missiles
 n - 9 javelins (quivered)
Armour
 c - a +0 buckler (worn)
 k - a +2 pair of gloves (worn)
   (You found it on level 2 of the Dungeon)
 I - a +1 pair of boots (worn)
   (You found it on level 8 of the Dungeon)
 K - a +2 cloak (worn)
   (You found it on level 8 of the Dungeon)
 L - a +0 plate armour of cold resistance (worn)
   (You took it off an orc warrior on level 8 of the Dungeon)
Jewellery
 f - a ring of protection from fire
   (You found it on level 9 of the Dungeon)
 l - a +4 ring of evasion (left hand)
   (You found it on level 3 of the Dungeon)
 p - a +4 ring of protection (right hand)
   (You found it on level 6 of the Dungeon)
 w - a ring of fire
   (You found it on level 3 of the Dungeon)
Wands
 v - a wand of digging (2)
   (You took it off Duvessa on level 7 of the Dungeon)
 y - a wand of iceblast (17)
   (You found it on level 3 of the Dungeon)
 z - a wand of quicksilver (12)
   (You found it on level 10 of the Dungeon)
 B - a wand of flame (33)
   (You took it off Ijyb on level 4 of the Dungeon)
 J - a wand of mindburst (16)
   (You found it on level 8 of the Dungeon)
 O - a wand of paralysis (11)
   (You found it on level 11 of the Dungeon)
Scrolls
 g - a scroll of silence
 i - a scroll of immolation
 r - 2 scrolls of identify
 t - 6 scrolls of teleportation
 u - 2 scrolls of noise
 D - a scroll of amnesia
 E - 3 scrolls of magic mapping
 G - a scroll of torment
Potions
 d - 4 potions of brilliance {unknown}
 e - 5 potions of lignification
 h - 3 potions of cancellation {unknown}
 j - 3 potions of berserk rage {unknown}
 m - 2 potions of resistance {unknown}
 q - 6 potions of curing
 s - 2 potions of invisibility {unknown}
 A - 3 potions of mutation {unknown}
 C - 2 potions of heal wounds {unknown}
 F - 3 potions of degeneration {unknown}
 H - a potion of magic {unknown}
 M - 2 potions of attraction {unknown}
 P - 2 potions of flight {unknown}
Miscellaneous
 x - a tin of tremorstones (2/2)
   (You found it on level 10 of the Dungeon)


   Skills:
 - Level 11.8 Fighting
 - Level 16.2 Axes
 - Level 11.8 Armour
 - Level 3.6 Shields
 * Level 1.5 Invocations


You had 10 spell levels left.
You didn't know any spells.
Your spell library contained the following spells:

 Spells                   Type           Power      Damage    Failure   Level
 Apportation              Tloc           0%         N/A       99%         1
 Ensorcelled Hibernation  Hex/Ice        0%         N/A       100%        2
 Static Discharge         Conj/Air       0%         2-2/arc   100%        2
 Sublimation of Blood     Necr           0%         N/A       100%        2
 Wereblood                Tmut           0%         N/A       100%        2
 Spider Form              Tmut/Pois      0%         N/A       100%        3
 Tukima's Dance           Hex            0%         N/A       100%        3
 Anguish                  Hex/Necr       0%         N/A       100%        4
 Dispel Undead            Necr           0%         3d6       100%        4
 Passage of Golubria      Tloc           0%         N/A       100%        4
 Sticky Flame             Conj/Fire      0%         2d3       100%        4
 Alistair's Intoxication  Tmut/Pois      0%         N/A       100%        5
 Fireball                 Conj/Fire      0%         3d3       100%        5
 Iskenderun's Battlesphe  Conj           0%         2d6       100%        5
 Yara's Violent Unravell  Hex/Tmut       0%         3d3       100%        5
 Conjure Ball Lightning   Conj/Air       0%         3x3d6     100%        6
 Orb of Destruction       Conj           0%         9d5       100%        7
 Summon Hydra             Summ           0%         N/A       100%        7


Dungeon Overview and Level Annotations

Branches:
Dungeon (12/15)            Temple (1/1) D:4            Lair (0/5) D:10
    Orc (0/2) D:10

Altars:
Ashenzari
Dithmenos
Fedhas
Hepliaklqana
Nemelex Xobeh
Okawaru
Qazlal
Ru
Vehumet
Wu Jian
Xom
The Shining One
Jiyva

Shops:
D:6 :

Annotations:
D:9 3 runed translucent doors, Atlas's ghost, novice DsFE
D:12 1 transporter, HilariousDeathArtist's ghost, journeyman TrHu


Innate Abilities, Weirdness & Mutations

You have a pair of horns on your head.
You reflexively headbutt those who attack you in melee.


Message History

The wizard hits you but does no damage.
You closely miss the wizard. You slash the orc knight!
You block the orc knight's attack.
HilariousDeathArtist's ghost stares at you while slowly dragging a finger across its throat.
The wizard hits you but does no damage.
You closely miss the wizard.
You hit the orc knight but do no damage.
You hit the wizard but do no damage. You hit the orc knight.
You block the wizard's attack.
The orc knight hits you but does no damage.
Space warps around you.
You slice the wizard!! Your headbutt misses the wizard.
The wizard is heavily wounded.
You hit the orc knight.
The orc knight hits you with a +1 dire flail of distortion.
Space warps around you. The wizard hits you but does no damage.
You slash the wizard!
The wizard is severely wounded.
You slash the orc knight! The orc knight closely misses you.
The wizard hits you with a +0 dagger.
You hit the wizard.
The wizard is severely wounded.
You hit the orc knight. You closely miss the wizard.
The wizard is severely wounded.
You slash the orc knight!
The orc knight hits you with a +1 dire flail of distortion.
* * * LOW HITPOINT WARNING * * *
Space warps horribly around you!
* * * LOW HITPOINT WARNING * * *
The wizard hits you with a +0 dagger.
* * * LOW HITPOINT WARNING * * *
You slash the wizard!
You kill the wizard!
The Shining One accepts your kill.
You hit the orc knight but do no damage.
The orc knight hits you with a +1 dire flail of distortion.
* * * LOW HITPOINT WARNING * * *
Space warps horribly around you!
You die...

#####....................#
#..........####....###...#
#.......####. ##..##.##..#
#.......#x.... #.##
#[#..######## #.......##^##.
###.#.##..........
#........#####
xW.#..#...#.######
###.#........##....###...#.#
#...........###).#.......#
##.....###..##@.[#.[....##
#....##x##..#o..##....##
#...##...#.##(##.##...#
#...##.#.###.#.##.#...#####
#....##.^.#..###^.##......#
#....©#.##..#.....!#......####
#.....#.#.## ..###.#......#...
##....# .# # ##.###......'.##
#.[...### .###...........###


You could see an orc knight.

Vanquished Creatures
  Fannar (D:12)
  A wizard (D:12)
  An ugly thing (D:11)
  An elephant (D:10)
  A large abomination (D:12)
  A gargoyle (D:11)
  2 kobold demonologists (D:10)
  3 komodo dragons (D:11)
  Grinder (D:5)
  A hornet (D:9)
  Prince Ribbit (D:5)
  7 slime creatures (D:12)
  Sigmund (D:2)
  10 yaks (D:10)
  A wraith (D:9)
  2 wyverns
  A basilisk (D:10)
  2 steam dragons
  7 vampire mosquitoes
  4 acid dragons
  Duvessa (D:7)
  7 orc warriors
  3 black bears
  2 ice beasts
  An ogre (D:6)
  9 centaurs
  A kobold brigand (D:10)
  2 bullfrogs (D:8)
  2 necrophages (D:6)
  A gnoll sergeant (D:5)
  3 scorpions
  3 wights (D:8)
  10 killer bees
  4 howler monkeys
  2 electric eels (D:7)
  4 jellies
  8 orc priests
  5 hounds
  3 gnoll boudas
  3 iguanas
  Ijyb (D:4)
  12 orc wizards
  25 gnolls
  15 adders
  A white imp (D:7)
  An ufetubus (D:6)
  A worm (D:4)
  2 dart slugs
  46 orcs
  3 ball pythons
  13 bats
  8 endoplasms
  7 giant cockroaches
  6 goblins
  10 hobgoblins
  3 quokkas
  7 frilled lizards
  15 kobolds
  3 rats
302 creatures vanquished.

Vanquished Creatures (collateral kills)
  Dowan (D:7)
  2 gnolls (D:7)
3 creatures vanquished.

Vanquished Creatures (others)
  9 plants (D:7)
9 creatures vanquished.

Grand Total: 314 creatures vanquished

Notes
Turn   | Place    | Note
-------+----------+-------------------------------------------
     0 | D:1      | blackman the Minotaur Fighter began the quest for the Orb.
     0 | D:1      | Reached XP level 1. HP: 19/19 MP: 0/0
    68 | D:1      | Reached skill level 3 in Axes
   178 | D:1      | Reached XP level 2. HP: 24/26 MP: 1/1
   390 | D:1      | Reached skill level 4 in Axes
   662 | D:1      | Reached XP level 3. HP: 6/31 MP: 2/2
  1044 | D:1      | Found a faded altar of an unknown god.
  1375 | D:2      | Noticed Sigmund
  1381 | D:2      | Killed Sigmund
  1382 | D:2      | Reached skill level 7 in Axes
  1382 | D:2      | Reached XP level 4. HP: 28/39 MP: 3/3
  1382 | D:2      | Reached XP level 5. HP: 33/45 MP: 4/4
  2172 | D:2      | Reached XP level 6. HP: 49/51 MP: 5/5
  2636 | D:3      | Reached skill level 8 in Axes
  3023 | D:4      | Noticed Ijyb
  3038 | D:4      | Killed Ijyb
  3223 | D:4      | Reached skill level 9 in Axes
  3336 | D:4      | Reached XP level 7. HP: 57/57 MP: 6/6
  3484 | D:4      | Found a staircase to the Ecumenical Temple.
  3601 | Temple   | Entered the Ecumenical Temple
  3607 | Temple   | Became a worshipper of the Shining One
  3900 | D:5      | Entered Level 5 of the Dungeon
  3947 | D:5      | Reached skill level 10 in Axes
  3997 | D:5      | Noticed Prince Ribbit
  4013 | D:5      | Killed Prince Ribbit
  4030 | D:5      | Reached skill level 11 in Axes
  4123 | D:5      | Reached XP level 8. HP: 39/64 MP: 7/7
  4353 | D:5      | Reached skill level 12 in Axes
  4488 | D:5      | Noticed Grinder
  4496 | D:5      | Killed Grinder
  4639 | D:5      | Identified the +0 ring mail of Fedhas's Felicitations
                  | {Int+9 Dex-3 Stlth+}
  4744 | D:5      | Reached * piety under the Shining One
  4750 | D:5      | Reached skill level 13 in Axes
  5116 | D:6      | Reached XP level 9. HP: 68/70 MP: 8/8
  5146 | D:6      | Reached skill level 14 in Axes
  5375 | D:6      | Found Kaotao's Book Boutique.
  5666 | D:6      | Found a broken altar of Ashenzari.
  5905 | D:6      | Found a blossoming altar of Fedhas.
  6061 | D:7      | Noticed Duvessa
  6061 | D:7      | Noticed Dowan
  6070 | D:7      | Killed Duvessa
  6070 | D:7      | Killed Dowan
  6071 | D:7      | Reached skill level 15 in Axes
  7732 | D:8      | Reached skill level 16 in Axes
  7968 | D:8      | Reached ** piety under the Shining One
  8439 | D:9      | Reached XP level 10. HP: 71/80 MP: 9/9
  8442 | D:9      | Reached skill level 5 in Fighting
  8442 | D:9      | Reached skill level 5 in Armour
  8760 | D:9      | Identified the +1 ring mail of the Farrier {Int+3 Stlth-}
  8888 | D:9      | Found a runed translucent gate.
  8889 | D:9      | Found a runed translucent gate.
  8890 | D:9      | Found a runed translucent gate.
  8892 | D:9      | Noticed Atlas's ghost (novice DsFE)
  8895 | D:9      | Found a viscous altar of Jiyva.
  9486 | D:10     | Entered Level 10 of the Dungeon
  9502 | D:10     | Noticed a soul eater
  9928 | D:10     | Found the +8 trident of the Octopus King {venom, rElec
                  | rPois}
  9988 | D:10     | Noticed an elephant
 10004 | D:10     | Killed an elephant
 10098 | D:10     | Found a staircase to the Lair.
 10098 | D:10     | Reached *** piety under the Shining One
 10115 | D:10     | Reached XP level 11. HP: 34/97 MP: 10/10
 10416 | D:10     | Found a radiant altar of Vehumet.
 10794 | D:10     | Found a staircase to the Orcish Mines.
 11156 | D:11     | Reached skill level 10 in Fighting
 11156 | D:11     | Reached skill level 10 in Armour
 11474 | D:11     | Noticed a purple ugly thing
 11486 | D:11     | Killed a purple ugly thing
 12394 | D:12     | Noticed Fannar
 12407 | D:12     | Killed Fannar
 12448 | D:12     | Reached **** piety under the Shining One
 12454 | D:12     | Noticed a wizard
 12468 | D:12     | Noticed HilariousDeathArtist's ghost (journeyman TrHu)
 12482 | D:12     | Found a transporter.
 12509 | D:12     | Noticed an orc knight
 12513 | D:12     | Found a transporter.
 12538 | D:12     | Reached skill level 1 in Invocations
 12546 | D:12     | Killed a wizard
 12546 | D:12     | Mangled by an orc knight

Illustrated notes

Levels and vault maps discovered:
D:1:      roderic_dead_forest, layout_basic,
          dreamdust_ecumenical_altar_hidden_monk_grotto,
          hangedman_decor_riveting, minmay_misc_feat_nine_boxes
D:2:      layout_loops_ring, uniq_sigmund
D:3:      layout_basic, minmay_misc_feat_iff, minmay_misc_feat_more_columns,
          corexii_leaking_fountain
D:4:      minmay_recursive_quarters, layout_rooms, minmay_temple_entry_tees,
          hangedman_feature_mirror, uniq_ijyb
D:5:      layout_loops_ring, uniq_grinder, uniq_prince_ribbit1
D:6:      layout_basic, lemuel_coloured_pillars_altar,
          mainiacjoe_overflow_alcove_2, serial_shops, nicolae_shop_waterfront,
          minmay_chambers_of_fives
D:7:      layout_basic, small_statue_intersection, serial_bayou_lagoon_b,
          uniq_duvessa
D:8:      layout_rooms, hex_tiny
D:9:      layout_long_grid, gammafunk_ghost_ooze, minmay_misc_feat_doors,
          kennysheep_nub
D:10:     layout_long_grid, mainiacjoe_overflow_paths, david_lair_generic,
          david_orc_4
D:11:     layout_long_grid
D:12:     layout_roguey, gammafunk_ghost_abyssal_escape,
          nicolae_trove_entry_free_sample, hangedman_abyss_or_decor_stagger,
          nrook_loot_triangle, uniq_kirke, uniq_fannar
Temple:   compressed_dpeg_triangle_lava_temple

Skill      XL: |  1  2  3  4  5  6  7  8  9 10 11 |
---------------+----------------------------------+-----
Axes           | 3 4 7 9 11 13 16 | 16.2
Fighting       | 4 9 11 | 11.8
Armour         | 4 9 11 | 11.8
Invocations    | 1 |  1.5
Shields        | |  3.6

Action                   |  1- 3 |  4- 6 |  7- 9 | 10-12 || total
-------------------------+-------+-------+-------+-------++-------
Melee: War axe           |    67 |   141 |   267 |   279 ||   754
       Headbutt          |     9 |    15 |    47 |    65 ||   136
Throw: Javelin           |       |       |    15 |     7 ||    22
Evoke: Wand              |       |       |     6 |       ||     6
  Use: Potion            |     1 |       |       |     2 ||     3
       Scroll            |       |       |    11 |     5 ||    16
Armor: Scale mail        |    37 |    44 |       |       ||    81
       Plate armour      |       |    30 |    92 |   140 ||   262
       Skin              |       |       |       |    10 ||    10
Dodge: Dodged            |    22 |    71 |   102 |   139 ||   334
Block: Buckler           |    16 |    34 |    38 |    45 ||   133

Table legend: (Time is in decaauts)
 A = Elapsed time spent in this place.
 B = Non-inter-level travel time spent in this place.
 C = Inter-level travel time spent in this place.
 D = Time resting spent in this place.
 E = Time spent auto-exploring this place.
 F = Levels seen in this place.
 G = Mean time per level.
                   A        B        C        D        E       F      G
               +--------+--------+--------+--------+--------+-----+--------+
         Total |  12517 |  12011 |    506 |    971 |   9469 |  13 |  962.8 |
       Dungeon |  12505 |  12006 |    499 |    971 |   9469 |  12 | 1042.1 |
        Temple |     11 |      4 |      7 |      0 |      0 |   1 |   11.0 |
               +--------+--------+--------+--------+--------+-----+--------+

Top non-repeatable levels by time:
    D:10: 1624 daAuts
     D:7: 1430 daAuts
     D:1: 1397 daAuts
     D:9: 1144 daAuts
     D:5: 1134 daAuts
     D:2: 1074 daAuts
     D:6: 1023 daAuts
     D:4: 872 daAuts
    D:11: 860 daAuts
     D:8: 835 daAuts
     D:3: 590 daAuts
    D:12: 516 daAuts
  Temple: 11 daAuts
